 Dungeon Crawl Stone Soup version 0.31-a0-217-g58bb5d79cf (webtiles) character file.

Game seed: 12921173900324548547

511 Iich the Chopper (level 6, -6/51 HPs)
             Began as a Demonspawn Fighter on June 8, 2023.
             Was an Initiate of Gozag.
             Killed by divine providence
             ... invoked by an orc priest
              (15 damage)
             ... on level 5 of the Dungeon on July 2, 2023.
             The game lasted 00:07:38 (3799 turns).

Iich the Chopper (Demonspawn Fighter)               Turns: 3799, Time: 00:07:40

Health: -6/51      AC: 21    Str: 17    XL:     6   Next: 99%
Magic:  6/6        EV:  7    Int:  9    God:    Gozag
Gold:   150        SH:  0    Dex: 14    Spells: 5/5 levels left

rFire   + + .        a - +0 war axe
rCold   . . .        c - +0 buckler
rNeg    . . .        r - +2 chain mail {rF+}
rPois   .            f - +0 helmet
rElec   .            (no cloak)
rCorr   .            w - +2 pair of gloves
SInv    +            (no boots)
Will    .....        (no amulet) Stlth
                     F - ring of protection from fire
HPRegen 0.28/turn    S - ring of see invisible
MPRegen 0.10/turn

%: no passive effects
@: confused, gold aura, sanguine armoured
A: claws 1, spiny 1, sanguine armour 1, demonic magic 1
a: Renounce Religion, Potion Petition, Call Merchant, Bribe Branch


You were on level 5 of the Dungeon.
You worshipped Gozag.
Gozag was aware of your devotion.
You visited 2 branches of the dungeon, and saw 6 of its levels.

You collected 250 gold pieces.
You paid 100 gold pieces to Gozag.

Inventory:

Hand Weapons
 a - a +0 war axe (weapon)
Missiles
 u - 3 throwing nets
Armour
 b - a +0 plate armour
 c - a +0 buckler (worn)
 f - a +0 helmet (worn)
 r - a +2 chain mail of fire resistance (worn)
 w - a +2 pair of gloves (worn)
Jewellery
 g - a ring of flight
 F - a ring of protection from fire (left hand)
 N - a ring of positive energy
 S - a ring of see invisible (right hand)
Wands
 q - a wand of flame (15)
 D - a wand of digging (1)
Scrolls
 i - a scroll of identify
 j - a scroll of noise
 p - a scroll of immolation {unknown}
 t - a scroll of blinking {unknown}
 v - a scroll of poison {unknown}
Potions
 d - a potion of might
 e - a potion of lignification {unknown}
 h - a potion of haste
 k - a potion of resistance {unknown}
 l - 2 potions of heal wounds
 m - a potion of attraction {unknown}
 n - a potion of enlightenment {unknown}
 o - a potion of mutation {unknown}
 s - a potion of brilliance {unknown}


   Skills:
 + Level 5.1 Fighting
 * Level 5.7 Axes
 - Level 2.6 Armour
 - Level 2.6 Shields


You had 5 spell levels left.
You didn't know any spells.
Your spell library contained the following spells:

 Spells                   Type           Power      Damage    Failure   Level
 Magic Dart               Conj           0%         1d3       99%         1
 Necrotise                Necr           0%         1d4       99%         1
 Call Imp                 Summ           0%         N/A       100%        2
 Mephitic Cloud           Conj/Pois/Air  0%         N/A       100%        3
 Vampiric Draining        Necr           0%         2d6       100%        3
 Agony                    Necr           0%         N/A       100%        5


Dungeon Overview and Level Annotations

Branches:
Dungeon (5/15)             Temple (1/1) D:5

Altars:
Gozag
Kikubaaqudgha
Nemelex Xobeh
Ru
Trog
Yredelemnul

Annotations:
D:4 Dowan, Duvessa, Ijyb


Innate Abilities, Weirdness & Mutations

You have sharp fingernails.
You are partially covered in sharp spines.
When seriously injured, your blood forms armour. (AC +6)
Spells you cast may paralyse adjacent enemies.


Message History

The orc wizard gestures at you while chanting.
You resist with some effort.
You closely miss the orc wizard.
The orc wizard is moderately wounded.
You hit the orc priest. You closely miss the orc.
The orc priest looks braver for a moment.
The orc wizard hits you but does no damage.
The orc hits you with a +0 war axe. The orc is struck by your spines.
The orc hits you with a +0 war axe!
The orc priest invokes the aid of Beogh against you.
Beogh smites you!
Your blood congeals into armour.
The orc wizard points at you and mumbles some strange words.
You are confused.
You take 26 damage, and have 25/51 hp. !!!!--MASSIVE DAMAGE--!!!!
You are too injured to fight recklessly!
Unknown command.
You are too injured to fight recklessly!
Unknown command.
You are too injured to fight recklessly!
Unknown command.
You are too injured to fight recklessly!
You hit the orc wizard but do no damage.
The orc wizard is moderately wounded.
You barely miss the orc. You hit the orc priest.
The orc priest invokes the aid of Beogh against you.
Beogh smites you!
* * * LOW HITPOINT WARNING * * *
The orc wizard is struck by your spines.
The orc wizard hits you but does no damage.
The orc hits you but does no damage.
You take 16 damage, and have 9/51 hp. !!!!--MASSIVE DAMAGE--!!!!
Unknown command.
The orc attacks as you move away! The orc hits you but does no damage.
The orc priest attacks as you move away!
The orc priest is struck by your spines.
The orc priest hits you but does no damage.
The orc priest invokes the aid of Beogh against you.
Beogh smites you!
You die...
Your body crumbles into a pile of gold.

###### ...... . ......#######..
............... .... ##..
.......o....... .... ... .
......ooo....# .... ... .#
....###'#### .... .. ..#
.......@...## . .... .###...
............###.. .... .....
................. .... ..#
....###+#.......# .### ..## #
................. .... #..#.#
........####..... .### #..#.#
........######### # #....#
#.................# ###
#<.#...#.................######..


You could see an orc priest, an orc wizard and 2 orcs.

Vanquished Creatures
  A water moccasin (D:5)
  A hound (D:5)
  A jelly (D:4)
  Terence (D:3)
  A gnoll bouda (D:5)
  4 iguanas
  Robin (D:3)
  4 adders
  6 gnolls (D:5)
  A white imp (D:5)
  A worm (D:2)
  A dart slug (D:3)
  5 orcs
  5 endoplasms
  A giant cockroach (D:1)
  15 goblins
  5 hobgoblins
  4 jackals (D:4)
  A quokka (D:1)
  8 ball pythons
  9 bats
  A frilled lizard (D:3)
  7 kobolds
  5 rats (D:1)
89 creatures vanquished.

Notes
Turn   | Place    | Note
-------+----------+-------------------------------------------
     0 | D:1      | Iich the Demonspawn Fighter began the quest for the Orb.
     0 | D:1      | Reached XP level 1. HP: 18/18 MP: 1/1
    93 | D:1      | Gained mutation: You have sharp fingernails. [demonic
                  | ancestry]
    93 | D:1      | Reached XP level 2. HP: 18/24 MP: 2/2
    95 | D:1      | You fall into a shaft and drop 1 floor!
   624 | D:1      | Upgraded the game from 0.31-a0-150-g89dc3ad700 to
                  | 0.31-a0-217-g58bb5d79cf
   974 | D:2      | Reached XP level 3. HP: 29/29 MP: 3/3
  1720 | D:3      | Noticed Robin
  1738 | D:3      | Killed Robin
  1739 | D:3      | Gained mutation: Spells you cast may paralyse adjacent
                  | enemies. [demonic ancestry]
  1739 | D:3      | Reached XP level 4. HP: 5/37 MP: 4/4
  1945 | D:3      | Noticed Terence
  1955 | D:3      | Killed Terence
  2641 | D:4      | Gained mutation: You are partially covered in sharp spines.
                  | [demonic ancestry]
  2641 | D:4      | Reached XP level 5. HP: 42/42 MP: 5/5
  2873 | D:4      | Noticed Duvessa
  2873 | D:4      | Noticed Dowan
  2875 | D:4      | Noticed Ijyb
  2953 | D:5      | Entered Level 5 of the Dungeon
  3211 | D:5      | Gained mutation: When seriously injured, your blood forms
                  | armour. (AC +6) [demonic ancestry]
  3211 | D:5      | Reached XP level 6. HP: 42/49 MP: 6/6
  3243 | D:5      | Found a bloodstained altar of Trog.
  3316 | D:5      | Reached skill level 5 in Axes
  3443 | D:5      | Noticed a water moccasin
  3453 | D:5      | Killed a water moccasin
  3454 | D:5      | Reached skill level 5 in Fighting
  3686 | D:5      | Found a staircase to the Ecumenical Temple.
  3695 | Temple   | Entered the Ecumenical Temple
  3726 | Temple   | Became a worshipper of Gozag Ym Sagoz the Greedy
  3799 | D:5      | Killed from afar by an orc priest

Illustrated notes

Levels and vault maps discovered:
D:1:      lightli_iron_boxes, layout_basic, minmay_hexomino_r4
D:2:      layout_loops_ring, minmay_misc_feat_tower, grunt_ministairs_15
D:3:      layout_loops_ring, st_stairs_10, uniq_robin, uniq_terence
D:4:      layout_rooms, minmay_a_box_with_orc_wizards_in_it, uniq_duvessa,
          uniq_ijyb
D:5:      layout_basic, nicolae_overflow_hidden_temple,
          minmay_temple_entry_gardened_gates
Temple:   kb_temple_of_zot

Skill      XL: |  1  2  3  4  5  6 |
---------------+-------------------+-----
Axes           | 2 3 4 5 |  5.7
Fighting       | 4 5 |  5.1
Armour         | |  2.6
Shields        | |  2.6

Action                     |  1- 3 |  4- 6 || total
---------------------------+-------+-------++-------
  Melee: War axe           |   139 |   130 ||   269
    Use: Scroll            |     3 |     2 ||     5
         Potion            |     2 |     2 ||     4
 Armour: Scale mail        |    74 |       ||    74
         Chain mail        |    38 |    58 ||    96
  Dodge: Dodged            |    56 |    49 ||   105
  Block: Buckler           |    42 |    34 ||    76

Table legend: (Time is in decaauts)
 A = Elapsed time spent in this place.
 B = Non-inter-level travel time spent in this place.
 C = Inter-level travel time spent in this place.
 D = Time resting spent in this place.
 E = Time spent auto-exploring this place.
 F = Levels seen in this place.
 G = Mean time per level.
                   A        B        C        D        E       F      G
               +--------+--------+--------+--------+--------+-----+--------+
         Total |   3859 |   3758 |    101 |    228 |   2763 |   6 |  643.2 |
       Dungeon |   3810 |   3725 |     85 |    228 |   2749 |   5 |  762.0 |
        Temple |     49 |     33 |     16 |      0 |     14 |   1 |   49.0 |
               +--------+--------+--------+--------+--------+-----+--------+

Top non-repeatable levels by time:
     D:3: 932 daAuts
     D:1: 931 daAuts
     D:5: 815 daAuts
     D:2: 735 daAuts
     D:4: 395 daAuts
  Temple: 49 daAuts
